 Dungeon Sprint DCSS version 0.21-a0-349-g0c35859 (webtiles) character file.

285 Kidiri the Skirmisher (level 6, 0/61 HPs)
             Began as a Draconian Gladiator on Oct 7, 2017.
             Was an Elder of Trog.
             Slain by Menkaure (14 damage)
             ... in the Dungeon (Sprint VII: "The Pits").
             The game lasted 00:02:59 (448 turns).

Kidiri the Skirmisher (Draconian Gladiator)          Turns: 448, Time: 00:03:00

Health: 0/61       AC:  7    Str: 19    XL:     6   Next: 7%
Magic:  6/6        EV: 15    Int:  8    God:    Trog [****..]
Gold:   0          SH:  0    Dex: 12    Spells: 5/5 levels left

rFire    . . .     SeeInvis .   a - +2 flail (crush)
rCold    . . .     Gourm    .   (no shield)
rNeg     . . .     Faith    .   (armour unavailable)
rPois    .         Spirit   .   b - +0 hat
rElec    .         Reflect  .   r - +0 cloak
rCorr    .         Harm     .   (no gloves)
MR       .....     NoTele   +   (no boots)
Stlth    +.........             (no amulet)
HPRegen  0.20/turn              (no ring)
MPRegen  0.10/turn              (no ring)

@: berserk cooldown, slowed, very slow
A: unfitting armour, cold-blooded, AC +6
a: Berserk, Trog's Hand, Brothers in Arms, Burn Spellbooks, Renounce Religion


You were in the Dungeon.
You worshipped Trog.
Trog was greatly pleased with you.
You were not hungry.

You visited 1 branch

Inventory:

Hand Weapons
 a - a +2 flail of crushing (weapon)
Missiles
 c - 3 throwing nets (quivered)
Armour
 b - a +0 hat (worn)
 r - a +0 cloak (worn)
Scrolls
 j - a scroll of blinking
 m - 3 scrolls of remove curse
 n - 5 scrolls of amnesia
 o - a scroll of summoning
Potions
 e - 6 potions of curing
 f - 5 potions of heal wounds
 g - a potion of haste
 h - 4 potions of magic
 i - 3 potions of berserk rage
 l - 2 potions of invisibility
Comestibles
 d - 8 bread rations
 p - 40 fruits
 q - 7 meat rations


   Skills:
 * Level 7.7 Fighting
 * Level 7.4 Maces & Flails
 + Level 4.7 Throwing
 * Level 6.7 Dodging


You had 5 spell levels left.
You didn't know any spells.

Dungeon Overview and Level Annotations

Branches:
Dungeon (1/1)

Altars:
Ashenzari
Cheibriados
Dithmenos
Elyvilon
Fedhas
Gozag
Hepliaklqana
Kikubaaqudgha
Makhleb
Nemelex Xobeh
Okawaru
Qazlal
Ru
Sif Muna
Trog
Uskayaw
Vehumet
Wu Jian
Xom
Yredelemnul
Zin
The Shining One
Beogh
Jiyva
Lugonu

Annotations:
D Menkaure


Innate Abilities, Weirdness & Mutations

Your plain brown scales are hard. (AC +6)
You cannot fit into any form of body armour.
You are cold-blooded and may be slowed by cold attacks.


Message History

Trog accepts your kill.
You can now call in reinforcements.
You have reached level 6!
Your experience leads to an increase in your attributes!
Your base attributes are Str 18, Int 8, Dex 12.
Increase (S)trength, (I)ntelligence, or (D)exterity?
You feel stronger.
Your scales feel tougher.
Menkaure casts a spell at you.
You barely resist.
A giant cockroach comes into view.
Items here: ))) [[[ † You sock Menkaure!
Menkaure is heavily damaged.
You are no longer berserk.
You are exhausted.
You feel yourself slow down.
Unknown command.
You thump Menkaure!
Menkaure is almost destroyed.
Menkaure hits you!
You die...

#.......)...'.....
#'#####+#####.....
#.#..#..#..##.....
#.#..+..+[.#####+#
#.##+####+###.....
#.#........##.....
#.#........##.....
#)#####+#####...<.
#@#...)))[.##.....
#M#...)))[.##.....
#h###########.....


#sw ###### #..# #.## #.. #.# #.. You could see Menkaure, a wolf, a worm and a
giant cockroach.

Vanquished Creatures
  A wolf (D)
  4 wights (D)
  Crazy Yiuf (D)
  An adder skeleton (D)
  2 orcs (D)
  A goblin (D)
  A hobgoblin (D)
  2 frilled lizards (D)
  A giant cockroach zombie (D)
  A rat (D)
15 creatures vanquished.

Notes
Turn   | Place    | Note
-------+----------+-------------------------------------------
     0 | D        | Kidiri the Draconian Gladiator began the quest for the Orb.
     0 | D        | Reached XP level 1. HP: 17/17 MP: 1/1
    52 | D        | Found a bloodstained altar of Trog.
    52 | D        | Found a deep blue altar of Sif Muna.
    52 | D        | Found a viscous altar of Jiyva.
    52 | D        | Found a hazy altar of Hepliaklqana.
    52 | D        | Found an opulent altar of Gozag.
    53 | D        | Found a glowing golden altar of the Shining One.
    53 | D        | Found a glowing silver altar of Zin.
    53 | D        | Found a basalt altar of Yredelemnul.
    53 | D        | Found a shimmering altar of Xom.
    53 | D        | Found an ornate altar of the Wu Jian Council.
    53 | D        | Found a sacrificial altar of Ru.
    53 | D        | Found a stormy altar of Qazlal.
    53 | D        | Found an iron altar of Okawaru.
    53 | D        | Found a sparkling altar of Nemelex Xobeh.
    53 | D        | Found a burning altar of Makhleb.
    53 | D        | Found a blossoming altar of Fedhas.
    53 | D        | Found a white marble altar of Elyvilon.
    53 | D        | Found a shadowy altar of Dithmenos.
    53 | D        | Found a snail-covered altar of Cheibriados.
    56 | D        | Found a corrupted altar of Lugonu.
    56 | D        | Found a radiant altar of Vehumet.
    56 | D        | Found a roughly hewn altar of Beogh.
    57 | D        | Became a worshipper of Trog the Wrathful
    58 | D        | Found an ancient bone altar of Kikubaaqudgha.
    58 | D        | Found a hide-covered altar of Uskayaw.
    58 | D        | Found a shattered altar of Ashenzari.
   174 | D        | Reached * piety under Trog
   286 | D        | Noticed Crazy Yiuf
   296 | D        | Reached ** piety under Trog
   296 | D        | Reached XP level 2. HP: 21/26 MP: 2/2
   307 | D        | Killed Crazy Yiuf
   307 | D        | Reached XP level 3. HP: 26/34 MP: 1/3
   406 | D        | Noticed Menkaure
   432 | D        | Noticed a wolf
   435 | D        | Reached *** piety under Trog
   435 | D        | Reached skill level 5 in Fighting
   435 | D        | Reached skill level 5 in Maces & Flails
   435 | D        | Reached XP level 4. HP: 42/42 MP: 4/4
   437 | D        | Reached skill level 5 in Dodging
   438 | D        | Reached XP level 5. HP: 51/51 MP: 5/5
   441 | D        | Noticed a wolf
   443 | D        | Killed a wolf
   445 | D        | Reached **** piety under Trog
   445 | D        | Reached XP level 6. HP: 21/61 MP: 6/6
   448 | D        | Slain by Menkaure

Vault maps used:
D:        pitsprint

Skill      XL: |  1  2  3  4  5 |
---------------+----------------+-----
Throwing       | 2 3 4 |  4.7
Dodging        | 3 4 5 6 |  6.7
Fighting       | 3 4 5 6 7 |  7.7
Maces & Flails | 4 5 6 7 |  7.4

Action                   |  1- 3 |  4- 6 || total
-------------------------+-------+-------++-------
Melee: Mace              |    27 |       ||    27
       Tailslap          |     4 |     1 ||     5
       Flail             |     5 |    11 ||    16
Invok: Berserk           |     1 |       ||     1
  Use: Potion            |     1 |       ||     1
 Stab: Invisible         |     1 |       ||     1
Armor: Skin              |     6 |       ||     6
Dodge: Dodged            |    23 |     5 ||    28

Table legend:
 A = Spawn XP
 B = Non-spawn XP
 C = Spawn XP percentage of total XP
 D = Spawn monster count
 E = Non-spawn monster count
 F = Spawn count percentage of total count
 G = Total turns spent on level
                    A         B        C        D         E        F      G
               +---------+---------+-------+---------+---------+-------+---------
         Total |       0 |     408 |   0.0 |       0 |      15 |   0.0 |   448
               +---------+---------+-------+---------+---------+-------+---------
             D |       0 |     408 |   0.0 |       0 |      15 |   0.0 |   448
               +---------+---------+-------+---------+---------+-------+---------
